 Dungeon Crawl Stone Soup version 0.28.0-53-g5a82cb258f (webtiles) character file.

Game seed: 16740466241669014520

826 Infinimo the Cudgeller (level 7, -4/75 HPs)
             Began as an Ogre Gladiator on June 3, 2022.
             Was a Believer of Okawaru.
             Splashed by a jelly's acid (9 damage)
             ... on level 5 of the Dungeon.
             The game lasted 00:04:52 (4992 turns).

Infinimo the Cudgeller (Ogre Gladiator)             Turns: 4992, Time: 00:04:53

Health: -4/75      AC:  0    Str: 21    XL:     7   Next: 96%
Magic:  7/7        EV: 11    Int:  9    God:    Okawaru [**....]
Gold:   235        SH:  0    Dex: 10    Spells: 6/6 levels left

rFire   . . .      SeeInvis .   a - +1 flail
rCold   . . .      Faith    .   (no shield)
rNeg    . . .      Spirit   .   b - +0 robe
rPois   .          Reflect  .   c - +1 hat
rElec   .          Harm     .   (no cloak)
rCorr   .          Rampage  .   (gloves unavailable)
Will    .....                   (boots unavailable)
Stlth   +.........              (no amulet)
HPRegen 0.22/turn               (no ring)
MPRegen 0.10/turn               (no ring)

@: corroded, on berserk cooldown, slowed, very slow
A: large, unfitting armour, tough skin 1
a: Renounce Religion, Heroism


You were on level 5 of the Dungeon.
You worshipped Okawaru.
Okawaru was pleased with you.
You visited 2 branches of the dungeon, and saw 6 of its levels.

You collected 235 gold pieces.

Inventory:

Hand Weapons
 a - a +1 flail (weapon)
 k - a +0 hunting sling
Missiles
 d - 3 throwing nets (quivered)
 l - 2 sling bullets
 m - 3 curare-tipped darts
Armour
 b - a +0 robe (worn)
 c - a +1 hat (worn)
Jewellery
 q - the ring of Free Will {rPois EV+4 Int+2 Dex+3}
   (You took it off a gnoll on level 4 of the Dungeon)

   [ring of evasion]

   EV:        It affects your evasion (+4).
   Int:       It affects your intelligence (+2).
   Dex:       It affects your dexterity (+3).
   rPois:     It protects you from poison.
Wands
 r - a wand of polymorph (8)
Scrolls
 f - a scroll of enchant weapon
 h - a scroll of vulnerability
 i - a scroll of immolation
 n - a scroll of identify {unknown}
 p - a scroll of silence
 s - a scroll of noise {unknown}
 t - a scroll of acquirement {unknown}


   Skills:
 + Level 6.1 Fighting
 * Level 6.2 Maces & Flails
 - Level 2.0 Throwing
 + Level 4.7 Dodging


You had 6 spell levels left.
You didn't know any spells.
Your spell library contained the following spells:

 Spells                   Type           Power      Damage    Failure   Level
 Beastly Appendage        Tmut           0%         N/A       38%         1
 Pain                     Necr           0%         1d4       38%         1
 Slow                     Hex            0%         N/A       38%         1
 Wereblood                Tmut           0%         N/A       52%         2
 Confusing Touch          Hex            0%         N/A       77%         3
 Spider Form              Tmut/Pois      0%         N/A       77%         3
 Vampiric Draining        Necr           0%         2d6       77%         3
 Animate Skeleton         Necr           Unusable   N/A       N/A         1

Dungeon Overview and Level Annotations

Branches:
Dungeon (5/15)             Temple (1/1) D:4

Altars:
Ashenzari
Cheibriados
Elyvilon
Gozag
Kikubaaqudgha
Makhleb
Nemelex Xobeh
Okawaru
Qazlal
Ru
Sif Muna
Trog
Uskayaw
Wu Jian
Xom
The Shining One


Innate Abilities, Weirdness & Mutations

You are too large for most types of armour.
You have tough skin. (AC +1)


Message History

Your Maces & Flails skill increases to level 6!
Unknown command.
Unknown command.
You start resting.
The black bear is attracted toward you.
A black bear is nearby!
It was a potion of berserk rage.
A red film seems to cover your vision as you go berserk!
You feel yourself moving faster!
You feel mighty!
The black bear is engulfed in blazing flames.
You sock the black bear!
You kill the black bear!
Okawaru is honoured by your kill.
You start resting.
You feel a strong urge to attack something.
You start resting.
You feel your anger nearly subside.
You start resting.
You are no longer berserk.
You are exhausted.
You feel yourself slow down.
You start resting.
Your hearing returns.
You start resting.
Your transformation is almost over.
A jelly comes into view.
The jelly is attracted toward you.
You feel less attractive to monsters.
You cannot move.
You cannot move.
A jelly is nearby!
The jelly quivers.
You sock the jelly!
Your branches burn!
* * * LOW HITPOINT WARNING * * *
The jelly is heavily wounded.
You feel less wooden.
Your +1 hat unmelds from your body.
Your +0 robe unmelds from your body.
The jelly hits you.
* * * LOW HITPOINT WARNING * * *
The acid corrodes you!
You are splashed with acid!
You die...

.. ... ##########...
#............ ##########
#............ #........#
#............
#######........######............
................@J...............
#######........######............
#........# #............
#######........######..r.........
......#..........................
#####†#(........#####..../.......
#.........(.# #......W..(...
##.............#...#(.h#..(#.
#.###........##..#(h.#...#..


You could see a jelly.

Vanquished Creatures
  2 black bears (D:5)
  A phantom (D:5)
  2 scorpions (D:5)
  A water moccasin skeleton (D:5)
  A killer bee (D:5)
  A bullfrog zombie (D:5)
  A centaur zombie (D:5)
  A hound (D:5)
  A jelly (D:5)
  An iguana (D:5)
  A scorpion zombie (D:5)
  A hound zombie (D:4)
  A hound skeleton (D:5)
  7 gnolls
  2 adders
  3 worms
  A dart slug (D:1)
  3 orcs
  6 bats
  3 endoplasms
  3 giant cockroaches
  7 goblins
  5 hobgoblins
  4 jackals (D:1)
  5 quokkas
  4 ball pythons
  3 frilled lizards
  7 kobolds
  7 rats
85 creatures vanquished.

Notes
Turn   | Place    | Note
-------+----------+-------------------------------------------
     0 | D:1      | Infinimo the Ogre Gladiator began the quest for the Orb.
     0 | D:1      | Reached XP level 1. HP: 22/22 MP: 1/1
   117 | D:1      | Reached XP level 2. HP: 29/29 MP: 2/2
   231 | D:1      | Found a faded altar of an unknown god.
   532 | D:1      | Reached XP level 3. HP: 37/37 MP: 3/3
  1987 | D:3      | Found a snail-covered altar of Cheibriados.
  2108 | D:3      | Reached XP level 4. HP: 45/45 MP: 4/4
  3123 | D:3      | Reached XP level 5. HP: 45/54 MP: 5/5
  3532 | D:4      | Identified the ring of Free Will {rPois EV+4 Int+2 Dex+3}
  3834 | D:4      | Found a staircase to the Ecumenical Temple.
  3843 | Temple   | Entered the Ecumenical Temple
  4065 | Temple   | Became a worshipper of Warmaster Okawaru
  4114 | D:5      | Entered Level 5 of the Dungeon
  4122 | D:5      | Reached XP level 6. HP: 62/63 MP: 6/6
  4196 | D:5      | Reached skill level 5 in Fighting
  4196 | D:5      | Reached skill level 5 in Maces & Flails
  4671 | D:5      | Reached * piety under Okawaru
  4710 | D:5      | Reached XP level 7. HP: 72/72 MP: 7/7
  4966 | D:5      | HP: 2/108 [spore (19)]
  4976 | D:5      | Reached ** piety under Okawaru
  4992 | D:5      | Splashed by a jelly's acid

Illustrated notes

Levels and vault maps discovered:
D:1:      pf_arrival_petrified_forest, layout_basic,
          shapermc_ecumenical_altar_mp_vishouse
D:2:      layout_loops_corners, serial_glass, glass_columns_b, glass_columns_a,
          glass_columns_c, glass_columns_c, glass_columns_a, glass_columns_a,
          minmay_strange_pillars, item_on_display_a, item_on_display_a,
          item_on_display_a, hangedman_glass_teeth
D:3:      layout_loops_corners, slow_altar_1, minmay_misc_feat_x
D:4:      layout_cave_pools, minmay_temple_entry_poolview
D:5:      cheibrodos_fzero, layout_basic, solitary_fountain, st_stairs_1
Temple:   regret_index_temple_generic_petals

Skill      XL: |  1  2  3  4  5  6  7 |
---------------+----------------------+-----
Fighting       | 3 4 5 6 |  6.1
Maces & Flails | 3 4 5 6 |  6.2
Dodging        | 3 4 |  4.7
Throwing       | |  2.0

Action                   |  1- 3 |  4- 6 |  7- 9 || total
-------------------------+-------+-------+-------++-------
Melee: Flail             |   143 |    96 |    20 ||   259
       Punch             |     2 |     1 |       ||     3
 Fire: Hunting sling     |       |    52 |    13 ||    65
  Use: Potion            |     2 |       |     4 ||     6
       Scroll            |     6 |       |     2 ||     8
Armor: Robe              |    69 |    32 |     9 ||   110
       Skin              |       |       |     2 ||     2
Dodge: Dodged            |    75 |    63 |    23 ||   161
